 Dungeon Crawl Stone Soup version 0.31.0-9-g3a7656b989 (webtiles) character file.

Game seed: 17183502598765037653

238945 qw the Acrobat (level 18, -18/102 (104) HPs)
             Began as a Spriggan Hunter on Feb 3, 2024.
             Was a High Priest of Okawaru.
             Killed from afar by a hellion (31 damage)
             ... with damnation
             ... in a wizard's laboratory.
             The game lasted 00:14:33 (28208 turns).

qw the Acrobat (Spriggan Hunter)                   Turns: 28208, Time: 00:14:34

HP:   -18/102 (104) AC: 17    Str:  5    XL:     18   Next: 43%
MP:   26/26         EV: 45    Int: 12    God:    Okawaru [*****.]
Gold: 609           SH:  0    Dex: 25    Spells: 17/17 levels left

rFire   + . .        d - +9 orcbow (drain)
rCold   + + .        (shield currently unavailable)
rNeg    . . .        r - +2 swamp dragon scales
rPois   +            y - +2 hat
rElec   .            C - scarf of Okawaru's Delight {repulsion, rC+ Will- Regen+ Slay+3 SInv}
rCorr   .            (gloves unavailable)
SInv    +            (boots unavailable)
Will    ++...        l - amulet of faith
Stlth   ++           e - +5 ring of evasion
HPRegen 1.17/turn    a - +4 ring of protection
MPRegen 0.20/turn

%: repel missiles, faith
@: about to teleport, finesse-ful, fragile (+50% incoming damage), lightly
drained, very quick
A: very small, no large weapons, unfitting armour, see invisible, speed 3, cold
resistance 1, fire resistance 1, weak 1, subdued magic 1, sturdy frame 1
}: 1/15 runes: barnacled
a: Renounce Religion, Heroism, Finesse, Duel


You were in a wizard's laboratory.
You worshipped Okawaru.
Okawaru was extremely pleased with you.
You visited 7 branches of the dungeon, and saw 31 of its levels.
You also visited: Wizlab.

You collected 2858 gold pieces.
You spent 2249 gold pieces at shops.


Innate Abilities, Weirdness & Mutations

You are very small and have problems with some larger weapons.
You are too small for most types of armour.
You have supernaturally acute eyesight. (SInv)
You cover ground extremely quickly. (Speed+++)
Your flesh is cold resistant. (rC+)
Your flesh is heat resistant. (rF+)
You are weak. (Str -2)
Your spells are a little easier to cast, but a little less powerful.
Your movements are slightly less encumbered by armour. (ER -2)


   Skills:
 - Level 15.2 Fighting
 - Level 16.0 Ranged Weapons
 + Level 7.0 Armour
 - Level 26.6 Dodging
 - Level 1.5 Stealth
 - Level 10.0 Invocations


You had 17 spell levels left.
You didn't know any spells.
Your spell library was empty.

Inventory:

Hand Weapons
 d - a +9 orcbow of draining (weapon)
 x - the +5 orcbow of Uqo Lou {drain, rF++ Str-3}
   (You found it on level 14 of the Dungeon)

   Str-3:     It affects your strength (-3).
   rF++:      It greatly protects you from fire.
Armour
 r - +2 swamp dragon scales (worn)
 s - the +4 robe of Augmentation {Str+4 Int+4 Dex+4}
   (You found it on level 10 of the Dungeon)

   Str+4:     It affects your strength (+4).
   Int+4:     It affects your intelligence (+4).
   Dex+4:     It affects your dexterity (+4).
 y - a +2 hat (worn)
 C - the scarf of Okawaru's Delight (worn) {repulsion, rC+ Will- Regen+ Slay+3 SInv}
   (You found it on level 3 of the Shoals)

   Slay+3:    It affects your accuracy & damage with ranged weapons and melee
   (+3).
   rC+:       It protects you from cold.
   Will-:     It decreases your willpower.
   SInv:      It lets you see invisible.
   Regen+:    It increases your rate of health regeneration.
Jewellery
 a - a +4 ring of protection (right hand)
 e - a +5 ring of evasion (left hand)
 h - a ring of protection from fire
 l - an amulet of faith (around neck)
 m - an amulet of reflection
 Y - a ring of protection from fire
Wands
 b - a wand of acid (32) (quivered)
 o - a wand of paralysis (18)
 q - a wand of iceblast (14)
 w - a wand of digging (10)
Scrolls
 t - 5 scrolls of enchant weapon
 u - 2 scrolls of identify
 v - a scroll of teleportation
Potions
 c - 3 potions of mutation
 f - 7 potions of enlightenment
 g - 14 potions of curing
 i - 6 potions of haste
 k - 2 potions of resistance
 n - 4 potions of might
 A - a potion of cancellation
 B - 3 potions of magic

Dungeon Overview and Level Annotations

Branches:
Dungeon (15/15)            Temple (1/1) D:6            Lair (5/5) D:11
 Shoals (4/4) Lair:3        Snake (3/4) Lair:2        Slime (0/5) Lair:4
    Orc (2/2) D:9             Elf (0/3) Orc:2        Vaults (1/5) D:14
 Depths (0/4) D:15         WizLab (1/1)

Altars:
Ashenzari
Cheibriados
Dithmenos
Elyvilon
Fedhas
Gozag
Hepliaklqana
Kikubaaqudgha
Makhleb
Nemelex Xobeh
Okawaru
Qazlal
Ru
Sif Muna
Trog
Uskayaw
Vehumet
Wu Jian
Xom
Yredelemnul
Zin
The Shining One

Shops:
D:12 ?(=   Orc:2 (:([   Shoals:3 *?   Snake:1 (   Vaults:1 [

Annotations:
D:10 3 runed translucent doors, squishfish's ghost, journeyman GrFi
Shoals:4 exclusion: death yak


Message History

As you read the scroll of teleportation, it crumbles to dust.
You feel strangely unstable.
The sixfirhy completely misses you. x2; The sixfirhy barely misses you.
28204 ||| RETREEEEATING.
A hellion and a balrug come into view.
The balrug is wielding a +2 demon whip of flaming.
The hellion gives a hideous shriek!
The sixfirhy completely misses you. x3
28205 ||| RETREEEEATING.
The sixfirhy attacks as it pursues you! The sixfirhy completely misses you.
The sixfirhy misses you. The sixfirhy completely misses you.
The sixfirhy closely misses you.
The cacodemon gestures at the rock wall.
You hear a grinding noise.
There is a fountain of blood here.
28206 ||| ZAPPING wand of acid (34) at 5,2 (hellion; floor).
Aiming: Corrosive Bolt
Press: ? - help, Q - select action, (/) - cycle Shift-Dir - straight line, f - hellion The bolt of acid hits the red devil!
The red devil is heavily wounded.
The bolt of acid hits the hellion!
The acid corrodes the hellion!
The hellion is moderately wounded.
You feel your willpower return. The sixfirhy misses you.
The sixfirhy completely misses you.
The sixfirhy hits you but does no damage.
Diatok mumbles some strange words.
Diatok blinks!
The red devil completely misses you.
28207 ||| ZAPPING wand of acid (33) at 3,2 (hellion; floor).
Aiming: Corrosive Bolt
Press: ? - help, Q - select action, (/) - cycle Shift-Dir - straight line, f/p - hellion The bolt of acid misses the red devil.
The bolt of acid hits the hellion!
The hellion is severely wounded.
Your surroundings suddenly seem different.
Found a scale mail.
28208 ||| READING 2 scrolls of teleportation.
As you read the scroll of teleportation, it crumbles to dust.
You feel strangely unstable. The hellion gestures at you.
The sphere of damnation explodes!
The damnation engulfs you!!
You die...

' ##.. ###....
##...... ##.......
#.......####
##@..2..#8}8##
#....3.#..3.4##.
#...4........2...
......2......2....
#..................
#..................
.......##...@.##...
#[.......##8_8##
... )..... #####


You could see a cacodemon, a rust devil, a sixfirhy and a hellion.

Vanquished Creatures
  Mara (Shoals:3)
  Saint Roka (Snake:3)
  Vashnia (Snake:3)
  A sphinx (Vaults:1)
  Mlioglotl (Shoals:3)
  Polyphemus (Shoals:4)
  Aizul (Shoals:2)
  2 nagarajas (Snake:3)
  Agnes (D:15)
  Ilsuiw (Shoals:3)
  Donald (Shoals:3)
  An angel (Shoals:4)
  A very ugly thing (D:15)
  2 apis (Shoals:4)
  A lorocyproca (WizLab)
  9 merfolk javelineers
  A blizzard demon (WizLab)
  A green death (WizLab)
  Josephine (D:15)
  14 merfolk impalers
  5 vault guards (D:14)
  Fannar (Lair:2)
  2 salamander tyrants (Snake:3)
  2 hydras
  2 alligator snapping turtles
  10 merfolk aquamancers
  3 boulder beetles
  5 centaur warriors
  2 catoblepae
  2 merfolk avatars
  10 anacondas
  5 two-headed ogres
  A death knight (D:13)
  10 death yaks
  A satyr (Shoals:3)
  5 naga warriors
  5 naga sharpshooters (Snake:3)
  Urug (D:10)
  3 orc high priests (Orc:2)
  A deep elf knight (D:14)
  Sonja (Orc:2)
  A sun demon (WizLab)
  3 soul eaters (WizLab)
  4 shock serpents
  7 skeletal warriors (D:15)
  8 skysharks
  3 salamander mystics
  4 cherubim (Shoals:4)
  A sixfirhy (WizLab)
  15 sea snakes
  5 mana vipers
  2 arcanists (D:14)
  3 naga ritualists (Snake:3)
  A glowing orange brain (D:15)
  A phantasmal warrior (D:13)
  A deep elf archer (D:14)
  7 harpies
  6 orc knights
  Pikel (D:4)
  11 ugly things
  12 fauns
  5 orc sorcerers
  10 manticores
  8 elephants
  12 salamanders
  8 cyclopes
  3 meliai (D:13)
  28 black mambas
  3 guardian serpents
  12 naga magi
  5 water nymphs
  A smoke demon (WizLab)
  14 merfolk sirens
  Joseph (D:8)
  24 cane toads
  A kobold blastminer (Orc:2)
  A torpor snail (Lair:3)
  2 orange demons (WizLab)
  Maggie (D:8)
  Jeremiah (D:7)
  An unseen horror (D:11)
  2 rime drakes
  3 gargoyles
  A kobold demonologist (D:11)
  2 yaktaurs
  2 efreet (D:15)
  13 komodo dragons
  Psyche (D:11)
  A red devil (WizLab)
  A tormentor (WizLab)
  28 merfolk
  2 polar bears (Lair:4)
  5 wind drakes
  7 trolls
  3 tyrant leeches
  2 hornets (Lair:1)
  9 snapping turtles
  30 blink frogs
  15 dream sheep
  A centaur simulacrum (D:15)
  A slime creature (shapeshifter) (D:15)
  15 slime creatures
  A shadow (D:10)
  3 vampires
  23 yaks
  A wyvern (shapeshifter) (D:15)
  3 wyverns
  9 water elementals
  10 wraiths
  Grum (D:11)
  A warg (shapeshifter) (D:8)
  4 wargs
  13 vampire mosquitoes
  3 hogs (D:11)
  2 humans
  A steam dragon (D:8)
  A hog (shapeshifter) (D:14)
  8 basilisks
  26 nagas
  3 swamp worms (Lair:3)
  2 acid dragons
  19 water moccasins
  25 orc warriors
  3 sky beasts
  11 laughing skulls
  6 ogres
  27 wolves
  5 centaurs
  3 lemures (D:4)
  2 phantoms
  A kobold brigand (D:5)
  16 bullfrogs
  A two-headed ogre simulacrum (D:11)
  4 scorpions
  A gnoll sergeant (D:8)
  8 wights
  5 killer bees
  3 howler monkeys
  4 electric eels
  3 hounds
  A bombardier beetle (D:7)
  8 jellies
  14 orc priests
  3 iguanas
  Ijyb (D:4)
  32 orc wizards
  3 troll simulacra (D:11)
  7 adders
  4 gnolls (D:8)
  A shadow imp (D:7)
  2 white imps
  6 ufetubi
  4 dart slugs
  4 ribbon worms
  77 orcs
  6 endoplasms
  4 giant cockroaches
  10 goblins
  8 hobgoblins
  2 quokkas
  6 ball pythons
  6 bats
  4 frilled lizards
  14 kobolds
  8 rats
998 creatures vanquished.

Notes
Turn   | Place    | Note
-------+----------+-------------------------------------------
     0 | D:1      | qw the Spriggan Hunter began the quest for the Orb.
     0 | D:1      | Reached XP level 1. HP: 10/10 MP: 2/2
     0 | D:1      | 0 ||| qw: Version: 0.3-a-155-g5e7d8dd
     0 | D:1      | 0 ||| qw: Game counter: 2910
     0 | D:1      | 0 ||| qw: Melee chars always use a shield: true
     0 | D:1      | 0 ||| qw: God list: Okawaru
     0 | D:1      | 0 ||| qw: Allow faded altars: false
     0 | D:1      | 0 ||| qw: Do Orc after clearing Dungeon:15 true
     0 | D:1      | 0 ||| qw: Do second Lair branch before Depths: true
     0 | D:1      | 0 ||| qw: Lair rune preference: random
     0 | D:1      | 0 ||| qw: Goals: Normal
     0 | D:1      | 0 ||| PLANNING D:1-11
    15 | D:1      | Reached skill level 3 in Dodging
    90 | D:1      | Reached XP level 2. HP: 14/14 MP: 3/3
   110 | D:1      | Reached skill level 4 in Dodging
   190 | D:1      | Found a faded altar of an unknown god.
   345 | D:1      | Reached XP level 3. HP: 18/18 MP: 4/4
   393 | D:1      | 393 ||| UPGRADING to ring of protection from fire.
   394 | D:1      | 394 ||| READING 2 scrolls labelled ZIOCUU JECSIA.
   395 | D:1      | 395 ||| DRINKING 2 blue potions.
   396 | D:1      | 396 ||| DRINKING 2 clear potions.
   397 | D:1      | 397 ||| DROPPING scroll of butterflies.
   398 | D:1      | 398 ||| DROPPING scroll of revelation.
   879 | D:2      | Reached XP level 4. HP: 22/22 MP: 5/5
  1062 | D:2      | 1062 ||| READING 2 scrolls labelled VAFUXTAES.
  1163 | D:2      | 1163 ||| READING scroll labelled KIZUODIAVUG.
  1163 | D:2      | Identified a scroll of acquirement
  1163 | D:2      | 1163 ||| ACQUIRING +6 orcbow of flaming
  1163 | D:2      | Acquired a +6 orcbow of flaming
  1165 | D:2      | 1165 ||| SWAPPING to +6 orcbow of flaming.
  1166 | D:2      | 1166 ||| DROPPING +0 shortbow.
  1167 | D:2      | 1167 ||| READING scroll labelled QIBOCH EJUTEOR.
  1168 | D:2      | 1168 ||| DROPPING scroll of vulnerability.
  1247 | D:3      | 1247 ||| FLEEEEING.
  1248 | D:3      | 1248 ||| FLEEEEING.
  1250 | D:3      | 1250 ||| FLEEEEING.
  1254 | D:3      | 1254 ||| STAIRDANCE
  1268 | D:2      | 1268 ||| UPGRADING to +6 ring of strength.
  1269 | D:2      | 1269 ||| READING scroll labelled KAISOHUDAO.
  1269 | D:2      | 1269 ||| IDENTIFYING murky ruby potion
  1742 | D:3      | 1742 ||| UPGRADING to amulet of regeneration.
  1747 | D:3      | 1747 ||| READING 2 scrolls of identify.
  1747 | D:3      | 1747 ||| IDENTIFYING smoky sapphire potion
  1748 | D:3      | 1748 ||| READING scroll of identify.
  1748 | D:3      | 1748 ||| IDENTIFYING 2 cyan potions
  1749 | D:3      | 1749 ||| READING scroll labelled ASIRO ZYSEIC.
  1788 | D:4      | 1788 ||| STAIRDANCE
  1791 | D:3      | Reached skill level 5 in Dodging
  1793 | D:4      | 1793 ||| STAIRDANCE
  1851 | D:4      | Noticed Pikel
  1851 | D:4      | Noticed a lemure
  1851 | D:4      | Noticed a lemure
  1852 | D:4      | 1852 ||| RETREEEEATING.
  1853 | D:4      | 1853 ||| RETREEEEATING.
  1854 | D:4      | 1854 ||| DRINKING potion of haste.
  1861 | D:4      | Killed a lemure
  1865 | D:4      | Killed a lemure
  1871 | D:4      | Noticed a lemure
  1872 | D:4      | Noticed a lemure
  1873 | D:4      | 1873 ||| RETREEEEATING.
  1879 | D:4      | 1879 ||| RETREEEEATING.
  1880 | D:4      | 1880 ||| RETREEEEATING.
  1882 | D:4      | 1882 ||| RETREEEEATING.
  1883 | D:4      | Killed a lemure
  1889 | D:4      | Killed Pikel
  1890 | D:4      | Reached XP level 5. HP: 30/30 MP: 6/6
  1890 | D:4      | Reached XP level 6. HP: 35/35 MP: 7/7
  1913 | D:4      | Reached XP level 7. HP: 39/39 MP: 8/8
  2072 | D:4      | Noticed Ijyb
  2074 | D:4      | 2074 ||| FLEEEEING.
  2075 | D:4      | 2075 ||| FLEEEEING.
  2081 | D:4      | Killed Ijyb
  2117 | D:4      | Reached skill level 6 in Ranged Weapons
  2221 | D:4      | 2221 ||| READING scroll of identify.
  2221 | D:4      | 2221 ||| IDENTIFYING scroll labelled GAOGIDICIO
  2222 | D:4      | 2222 ||| DROPPING scroll of blinking.
  2236 | D:5      | Entered Level 5 of the Dungeon
  2274 | D:5      | 2274 ||| RETREEEEATING.
  2285 | D:5      | Reached skill level 6 in Dodging
  2454 | D:5      | Reached XP level 8. HP: 42/43 MP: 9/9
  2493 | D:5      | Reached skill level 7 in Dodging
  2514 | D:5      | Found a stormy altar of Qazlal.
  2588 | D:5      | Found a shimmering altar of Xom.
  2681 | D:5      | Found a hide-covered altar of Uskayaw.
  2713 | D:5      | Found a shadowy altar of Dithmenos.
  2844 | D:5      | 2844 ||| UPGRADING to amulet of reflection.
  2854 | D:5      | 2854 ||| DROPPING amulet of regeneration.
  2855 | D:5      | 2855 ||| READING scroll of identify.
  2855 | D:5      | 2855 ||| IDENTIFYING scroll labelled ERUCVE ASEUHE
  2856 | D:5      | 2856 ||| READING scroll labelled DIMAEL ROCUCW.
  2856 | D:5      | 2856 ||| ENCHANTING +0 robe.
  2857 | D:5      | 2857 ||| DROPPING scroll of fog.
  2904 | D:6      | Reached skill level 8 in Dodging
  2998 | D:5      | Found an opulent altar of Gozag.
  3008 | D:5      | 3008 ||| READING scroll labelled GODISANNUV.
  3008 | D:5      | 3008 ||| ENCHANTING +6 orcbow of flaming.
  3009 | D:5      | 3009 ||| Stepping randomly (stuck).
  3378 | D:6      | Found a staircase to the Ecumenical Temple.
  3379 | D:6      | 3379 ||| PLANNING TEMPLE
  3380 | D:6      | 3380 ||| UPGRADING to +4 ring of protection.
  3386 | D:6      | 3386 ||| UPGRADING to ring of protection from fire.
  3388 | D:6      | 3388 ||| READING scroll of identify.
  3388 | D:6      | 3388 ||| IDENTIFYING grey potion
  3396 | Temple   | Entered the Ecumenical Temple
  3397 | Temple   | 3397 ||| PLANNING OKAWARU WORSHIP
  3400 | Temple   | Became a worshipper of Warmaster Okawaru
  3401 | Temple   | 3401 ||| PLANNING D:1-11
  3423 | D:6      | Reached skill level 9 in Ranged Weapons
  3727 | D:7      | Reached XP level 9. HP: 47/47 MP: 10/10
  3818 | D:7      | 3818 ||| READING scroll of enchant weapon.
  3818 | D:7      | 3818 ||| ENCHANTING +7 orcbow of flaming.
  3837 | D:7      | Reached skill level 9 in Dodging
  3882 | D:7      | 3882 ||| RETREEEEATING.
  3904 | D:7      | Reached * piety under Okawaru
  3905 | D:7      | Reached skill level 10 in Dodging
  3947 | D:7      | Reached skill level 1 in Invocations
  4032 | D:7      | Noticed Jeremiah
  4033 | D:7      | 4033 ||| INVOKING Heroism.
  4035 | D:7      | Killed Jeremiah
  4268 | D:7      | 4268 ||| DROPPING ring of magical power.
  4269 | D:7      | 4269 ||| READING scroll labelled SUIFOK VOHURY.
  4370 | D:7      | 4370 ||| DRINKING 3 golden potions.
  4371 | D:7      | 4371 ||| DROPPING wand of flame (18).
  4372 | D:7      | 4372 ||| DROPPING 2 potions of brilliance.
  4460 | D:8      | Noticed a two-headed ogre
  4461 | D:8      | 4461 ||| INVOKING Heroism.
  4466 | D:8      | Killed a two-headed ogre
  4466 | D:8      | Reached ** piety under Okawaru
  4467 | D:8      | Reached skill level 11 in Dodging
  4512 | D:8      | Found a flagged portal.
  4533 | D:8      | 4533 ||| READING scroll of acquirement.
  4533 | D:8      | 4533 ||| ACQUIRING +5 ring of evasion
  4533 | D:8      | Acquired a +5 ring of evasion
  4535 | D:8      | 4535 ||| UPGRADING to +5 ring of evasion.
  4724 | D:8      | Noticed a purple ugly thing
  4725 | D:8      | 4725 ||| INVOKING Heroism.
  4731 | D:8      | Killed a purple ugly thing
  4731 | D:8      | Reached *** piety under Okawaru
  4732 | D:8      | Reached XP level 10. HP: 51/51 MP: 11/14
  4780 | D:8      | Noticed Joseph
  4781 | D:8      | 4781 ||| INVOKING Heroism.
  4785 | D:8      | Killed Joseph
  4817 | D:8      | Noticed Maggie
  4818 | D:8      | 4818 ||| INVOKING Heroism.
  4830 | D:8      | Killed Maggie
  5023 | D:8      | Noticed a boulder beetle
  5024 | D:8      | 5024 ||| UPGRADING to +0 cloak.
  5029 | D:8      | 5029 ||| UPGRADING to +0 swamp dragon scales.
  5039 | D:8      | 5039 ||| DROPPING +1 robe.
  5040 | D:8      | 5040 ||| DROPPING ring of ice.
  5041 | D:8      | 5041 ||| DROPPING +6 ring of strength.
  5042 | D:8      | 5042 ||| UPGRADING to +4 ring of protection.
  5044 | D:8      | 5044 ||| READING scroll of identify.
  5044 | D:8      | 5044 ||| IDENTIFYING purple potion
  5045 | D:8      | 5045 ||| INVOKING Heroism.
  5053 | D:8      | Killed a boulder beetle
  5160 | D:8      | Reached **** piety under Okawaru
  5266 | D:8      | Found a broken altar of Ashenzari.
  5329 | D:8      | 5329 ||| READING scroll labelled CISOPL LERUFAI.
  5330 | D:8      | 5330 ||| DROPPING potion of invisibility.
  5385 | D:8      | HP: 9/51 [steam dragon] (12)]
  5386 | D:8      | 5386 ||| DRINKING 2 potions of heal wounds.
  5668 | D:9      | 5668 ||| RETREEEEATING.
  5669 | D:9      | 5669 ||| INVOKING Finesse.
  5888 | D:9      | Noticed a green ugly thing
  5889 | D:9      | Noticed a manticore
  5907 | D:9      | 5907 ||| READING scroll of enchant armour.
  5907 | D:9      | 5907 ||| ENCHANTING +0 swamp dragon scales.
  5922 | D:9      | 5922 ||| FLEEEEING.
  5922 | D:9      | HP: 6/51 [orc priest/divine providence (11)]
  5923 | D:9      | 5923 ||| DRINKING potion of heal wounds.
  5924 | D:9      | 5924 ||| FLEEEEING.
  5925 | D:9      | 5925 ||| FLEEEEING.
  5928 | D:9      | 5928 ||| FLEEEEING.
  5933 | D:9      | HP: 5/51 [orc priest/divine providence (15)]
  6116 | D:9      | Found a staircase to the Orcish Mines.
  6227 | D:9      | Found a glowing golden altar of the Shining One.
  6284 | D:9      | Noticed a two-headed ogre
  6285 | D:9      | 6285 ||| INVOKING Finesse.
  6289 | D:9      | Reached XP level 11. HP: 52/55 MP: 10/16
  6289 | D:9      | Killed a two-headed ogre
  6290 | D:9      | Reached skill level 12 in Ranged Weapons
  6290 | D:9      | Reached skill level 6 in Invocations
  6328 | D:9      | Noticed a centaur warrior
  6328 | D:9      | Noticed a red ugly thing
  6337 | D:9      | Noticed a boulder beetle
  6516 | D:9      | Noticed a centaur warrior
  6517 | D:9      | Noticed a boulder beetle
  6556 | D:9      | 6556 ||| READING scroll of identify.
  6556 | D:9      | 6556 ||| IDENTIFYING fuming inky potion
  6557 | D:9      | 6557 ||| DROPPING potion of attraction.
  6604 | D:10     | Entered Level 10 of the Dungeon
  6878 | D:10     | 6878 ||| READING scroll of enchant weapon.
  6878 | D:10     | 6878 ||| ENCHANTING +8 orcbow of flaming.
  7027 | D:10     | Noticed Urug
  7028 | D:10     | 7028 ||| INVOKING Finesse.
  7040 | D:10     | Killed Urug
  7399 | D:10     | Identified the +1 scale mail "Forget-Me-Not" {rPois Regen+
                  | Dex-4}
  7455 | D:10     | Found a runed translucent gate.
  7456 | D:10     | Found a runed translucent gate.
  7457 | D:10     | Found a runed translucent gate.
  7457 | D:10     | Identified the +7 chain mail of the Kappa {Rampage Int+4
                  | Dex-5}
  7457 | D:10     | Noticed squishfish's ghost (journeyman GrFi)
  7465 | D:10     | 7465 ||| RETREEEEATING.
  7466 | D:10     | 7466 ||| RETREEEEATING.
  7467 | D:10     | 7467 ||| RETREEEEATING.
  7468 | D:10     | 7468 ||| RETREEEEATING.
  7469 | D:10     | 7469 ||| RETREEEEATING.
  7470 | D:10     | 7470 ||| RETREEEEATING.
  7553 | D:10     | Found the +4 robe of Augmentation {Str+4 Int+4 Dex+4}
  7714 | D:10     | 7714 ||| READING scroll labelled CAASIA SU ITHOPE.
  7758 | D:11     | Found a hide-covered altar of Uskayaw.
  7758 | D:11     | Noticed a +0 dagger
  7758 | D:11     | Noticed a +0 falchion
  7759 | D:11     | Noticed a +0 spear
  7759 | D:11     | Noticed a +0 falchion
  7760 | D:11     | Noticed a +0 short sword
  7760 | D:11     | Noticed a +0 spear
  7762 | D:11     | Noticed a +0 short sword
  7762 | D:11     | Noticed a +0 dagger
  7855 | D:11     | Found a staircase to the Lair.
  7969 | D:11     | 7969 ||| RETREEEEATING.
  7971 | D:11     | 7971 ||| RETREEEEATING.
  7977 | D:11     | 7977 ||| RETREEEEATING.
  7978 | D:11     | 7978 ||| RETREEEEATING.
  8001 | D:11     | 8001 ||| RETREEEEATING.
  8002 | D:11     | Reached ***** piety under Okawaru
  8011 | D:11     | Noticed a red ugly thing
  8012 | D:11     | 8012 ||| INVOKING Finesse.
  8023 | D:11     | Killed a red ugly thing
  8030 | D:11     | Noticed Grum
  8035 | D:11     | Killed Grum
  8075 | D:11     | Noticed a two-headed ogre
  8076 | D:11     | 8076 ||| INVOKING Finesse.
  8081 | D:11     | Killed a two-headed ogre
  8177 | D:11     | Identified the +9 whip of Resourcefulness {freeze, rN+
                  | Will+ Int+3}
  8184 | D:11     | Noticed Psyche
  8187 | D:11     | Killed Psyche
  8323 | D:11     | 8323 ||| RETREEEEATING.
  8336 | D:11     | Found a frozen archway.
  8395 | D:11     | 8395 ||| PLANNING LAIR
  8395 | D:11     | 8395 ||| DRINKING 2 fuming emerald potions.
  8395 | D:11     | Gained mutation: You have hidden genetic defects. [potion
                  | of mutation]
  8395 | D:11     | Gained mutation: You are frail. (-10% HP) [potion of
                  | mutation]
  8396 | D:11     | 8396 ||| DRINKING potion of mutation.
  8396 | D:11     | Lost mutation: You are frail. (-10% HP) [potion of
                  | mutation]
  8396 | D:11     | Lost mutation: You have hidden genetic defects. [potion of
                  | mutation]
  8396 | D:11     | Gained mutation: Your movements are slightly less
                  | encumbered by armour. (ER -2) [potion of mutation]
  8396 | D:11     | Gained mutation: Your flesh is heat resistant. (rF+)
                  | [potion of mutation]
  8396 | D:11     | Gained mutation: Your flesh is cold resistant. (rC+)
                  | [potion of mutation]
  8450 | Lair:1   | Entered Level 1 of the Lair of Beasts
  8456 | Lair:1   | Received a gift from Okawaru
  8506 | Lair:1   | 8506 ||| RETREEEEATING.
  8507 | Lair:1   | 8507 ||| RETREEEEATING.
  8508 | Lair:1   | 8508 ||| RETREEEEATING.
  8509 | Lair:1   | 8509 ||| RETREEEEATING.
  8512 | Lair:1   | 8512 ||| RETREEEEATING.
  8513 | Lair:1   | 8513 ||| RETREEEEATING.
  8516 | Lair:1   | 8516 ||| RETREEEEATING.
  8517 | Lair:1   | 8517 ||| RETREEEEATING.
  8522 | Lair:1   | 8522 ||| RETREEEEATING.
  8533 | Lair:1   | Reached skill level 9 in Invocations
  8642 | Lair:1   | Reached XP level 12. HP: 60/60 MP: 19/19
  8647 | Lair:1   | 8647 ||| RETREEEEATING.
  8649 | Lair:1   | 8649 ||| RETREEEEATING.
  8655 | Lair:1   | 8655 ||| RETREEEEATING.
  8657 | Lair:1   | 8657 ||| RETREEEEATING.
  8658 | Lair:1   | 8658 ||| RETREEEEATING.
  8659 | Lair:1   | 8659 ||| RETREEEEATING.
  8660 | Lair:1   | 8660 ||| RETREEEEATING.
  8661 | Lair:1   | 8661 ||| RETREEEEATING.
  8662 | Lair:1   | 8662 ||| RETREEEEATING.
  8749 | Lair:1   | Received a gift from Okawaru
  9255 | Lair:1   | Paralysed by a hornet for 3 turns
  9478 | Lair:1   | 9478 ||| READING scroll of identify.
  9478 | Lair:1   | 9478 ||| IDENTIFYING coppery potion
  9479 | Lair:1   | 9479 ||| DROPPING potion of degeneration.
  9641 | Lair:2   | Reached skill level 6 in Fighting
  9642 | Lair:2   | Noticed Fannar
  9647 | Lair:2   | 9647 ||| INVOKING Finesse.
  9669 | Lair:2   | Killed Fannar
  9826 | Lair:2   | Reached skill level 15 in Ranged Weapons
  9845 | Lair:2   | Reached skill level 12 in Dodging
 10004 | Lair:2   | Found a staircase to the Snake Pit.
 10011 | Lair:2   | Reached skill level 3 in Armour
 10315 | Lair:2   | 10315 ||| UPGRADING to amulet of faith.
 10325 | Lair:2   | 10325 ||| DROPPING ring of protection from cold.
 10365 | Lair:3   | Identified the +0 robe of Xibboh {Stlth+}
 10391 | Lair:3   | Noticed a boulder beetle
 10392 | Lair:3   | 10392 ||| RETREEEEATING.
 10394 | Lair:3   | 10394 ||| RETREEEEATING.
 10396 | Lair:3   | 10396 ||| INVOKING Finesse.
 10420 | Lair:3   | Killed a boulder beetle
 10420 | Lair:3   | Received a gift from Okawaru
 10474 | Lair:3   | 10474 ||| INVOKING Finesse.
 10481 | Lair:3   | Noticed a death yak
 10491 | Lair:3   | Killed a death yak
 10534 | Lair:3   | Reached XP level 13. HP: 65/65 MP: 21/21
 10618 | Lair:3   | Found a staircase to the Shoals.
 10694 | Lair:3   | 10694 ||| RETREEEEATING.
 10695 | Lair:3   | 10695 ||| RETREEEEATING.
 10696 | Lair:3   | 10696 ||| RETREEEEATING.
 10697 | Lair:3   | 10697 ||| RETREEEEATING.
 10698 | Lair:3   | 10698 ||| RETREEEEATING.
 10699 | Lair:3   | 10699 ||| RETREEEEATING.
 10700 | Lair:3   | 10700 ||| RETREEEEATING.
 10701 | Lair:3   | 10701 ||| RETREEEEATING.
 10702 | Lair:3   | 10702 ||| RETREEEEATING.
 10998 | Lair:3   | Received a gift from Okawaru
 11289 | Lair:3   | 11289 ||| DROPPING amulet of magic regeneration.
 11361 | Lair:4   | 11361 ||| Stepping ~*~*~tactically~*~*~ (cloud).
 11437 | Lair:4   | Reached skill level 13 in Dodging
 11791 | Lair:4   | Reached skill level 14 in Dodging
 11969 | Lair:4   | Found a staircase to the Slime Pits.
 12088 | Lair:4   | 12088 ||| READING scroll of identify.
 12088 | Lair:4   | 12088 ||| IDENTIFYING fuming pink potion
 12089 | Lair:4   | 12089 ||| READING scroll labelled ZUUSAY NOLE.
 12090 | Lair:4   | 12090 ||| DRINKING 3 pink potions.
 12091 | Lair:4   | 12091 ||| DRINKING 10 potions of curing.
 12091 | Lair:4   | 12091 ||| (to cure confusion)
 12092 | Lair:4   | 12092 ||| DROPPING 2 potions of ambrosia.
 12093 | Lair:4   | 12093 ||| DROPPING potion of berserk rage.
 12104 | Lair:5   | Entered Level 5 of the Lair of Beasts
 12107 | Lair:5   | 12107 ||| STAIRDANCE
 12110 | Lair:4   | 12110 ||| INVOKING Finesse.
 12111 | Lair:4   | 12111 ||| INVOKING Heroism.
 12154 | Lair:5   | 12154 ||| STAIRDANCE
 12180 | Lair:5   | 12180 ||| STAIRDANCE
 12182 | Lair:4   | 12182 ||| RETREEEEATING.
 12183 | Lair:4   | 12183 ||| RETREEEEATING.
 12184 | Lair:4   | 12184 ||| RETREEEEATING.
 12185 | Lair:4   | 12185 ||| RETREEEEATING.
 12186 | Lair:4   | 12186 ||| RETREEEEATING.
 12233 | Lair:5   | 12233 ||| STAIRDANCE
 12243 | Lair:5   | 12243 ||| STAIRDANCE
 12249 | Lair:5   | 12249 ||| STAIRDANCE
 12260 | Lair:5   | 12260 ||| STAIRDANCE
 12285 | Lair:5   | 12285 ||| STAIRDANCE
 12298 | Lair:5   | 12298 ||| STAIRDANCE
 12303 | Lair:5   | 12303 ||| RETREEEEATING.
 12304 | Lair:5   | 12304 ||| RETREEEEATING.
 12305 | Lair:5   | 12305 ||| RETREEEEATING.
 12306 | Lair:5   | 12306 ||| RETREEEEATING.
 12307 | Lair:5   | 12307 ||| RETREEEEATING.
 12308 | Lair:5   | 12308 ||| RETREEEEATING.
 12309 | Lair:5   | 12309 ||| INVOKING Finesse.
 12319 | Lair:5   | HP: 17/68 [poisoned by a cane toad]
 12320 | Lair:5   | 12320 ||| DRINKING 3 potions of heal wounds.
 12331 | Lair:5   | HP: 14/68 [cane toad (13)]
 12332 | Lair:5   | 12332 ||| DRINKING 2 potions of heal wounds.
 12346 | Lair:5   | Received a gift from Okawaru
 12346 | Lair:5   | Reached ****** piety under Okawaru
 12359 | Lair:5   | HP: 15/68 [blink frog (7)]
 12360 | Lair:5   | 12360 ||| DRINKING potion of heal wounds.
 12369 | Lair:5   | Reached skill level 15 in Dodging
 12468 | Lair:5   | 12468 ||| INVOKING Receive Weapon.
 12468 | Lair:5   | 12468 ||| ACQUIRING +4 heavy arbalest
 12468 | Lair:5   | Acquired a +4 heavy arbalest
 12468 | Lair:5   | Received a gift from Okawaru
 12469 | Lair:5   | 12469 ||| INVOKING Receive Armour.
 12469 | Lair:5   | 12469 ||| ACQUIRING +2 cloak of Inaction {Dex+2}
 12469 | Lair:5   | Acquired the +2 cloak of Inaction {Dex+2}
 12469 | Lair:5   | Received a gift from Okawaru
 12491 | Lair:5   | 12491 ||| RETREEEEATING.
 12504 | Lair:5   | 12504 ||| RETREEEEATING.
 12505 | Lair:5   | 12505 ||| RETREEEEATING.
 12526 | Lair:5   | 12526 ||| RETREEEEATING.
 12527 | Lair:5   | 12527 ||| RETREEEEATING.
 12529 | Lair:5   | 12529 ||| RETREEEEATING.
 12531 | Lair:5   | 12531 ||| RETREEEEATING.
 12532 | Lair:5   | 12532 ||| RETREEEEATING.
 12533 | Lair:5   | 12533 ||| RETREEEEATING.
 12534 | Lair:5   | 12534 ||| RETREEEEATING.
 12535 | Lair:5   | 12535 ||| RETREEEEATING.
 12536 | Lair:5   | 12536 ||| RETREEEEATING.
 12537 | Lair:5   | 12537 ||| RETREEEEATING.
 12538 | Lair:5   | 12538 ||| INVOKING Finesse.
 12548 | Lair:5   | Received a gift from Okawaru
 12619 | Lair:5   | Reached skill level 9 in Fighting
 12623 | Lair:5   | Received a gift from Okawaru
 12624 | Lair:5   | Reached XP level 14. HP: 68/75 MP: 22/22
 12762 | Lair:5   | Reached skill level 16 in Dodging
 12779 | Lair:5   | 12779 ||| RETREEEEATING.
 12784 | Lair:5   | 12784 ||| RETREEEEATING.
 12785 | Lair:5   | 12785 ||| RETREEEEATING.
 12786 | Lair:5   | 12786 ||| RETREEEEATING.
 12787 | Lair:5   | 12787 ||| RETREEEEATING.
 12788 | Lair:5   | 12788 ||| RETREEEEATING.
 12789 | Lair:5   | 12789 ||| RETREEEEATING.
 12791 | Lair:5   | 12791 ||| RETREEEEATING.
 12801 | Lair:5   | Received a gift from Okawaru
 13116 | Lair:5   | Got an earthy gem with 524 turns to spare
 13117 | Lair:5   | Identified the +7 dagger of Qaucafui {heavy, rPois Will-
                  | Str-4 Int+3}
 13352 | Lair:5   | Reached skill level 17 in Dodging
 13375 | Lair:5   | 13375 ||| PLANNING D
 13375 | Lair:5   | 13375 ||| UPGRADING to +2 cloak of Inaction {Dex+2}.
 13385 | Lair:5   | 13385 ||| DROPPING +0 cloak.
 13386 | Lair:5   | 13386 ||| DROPPING scarf of invisibility.
 13387 | Lair:5   | 13387 ||| READING scroll labelled VAYSAL TULISH.
 13497 | Lair:5   | 13497 ||| READING scroll labelled HORAEG TILI.
 13633 | D:12     | Found Zecim's Jewellery Shop.
 13646 | D:12     | Found Tierhy's Weapon Boutique.
 13666 | D:12     | Found Epe Bieb's Magic Scroll Emporium.
 13688 | D:12     | 13688 ||| BUYING scroll of brand weapon (142 gold).
 13688 | D:12     | Bought a scroll of brand weapon for 142 gold pieces
 13688 | D:12     | 13688 ||| BUYING scroll of brand weapon (142 gold).
 13688 | D:12     | Bought a scroll of brand weapon for 142 gold pieces
 13688 | D:12     | 13688 ||| BUYING scroll of enchant weapon (112 gold).
 13688 | D:12     | Bought a scroll of enchant weapon for 112 gold pieces
 13688 | D:12     | 13688 ||| BUYING scroll of identify (30 gold).
 13688 | D:12     | Bought a scroll of identify for 30 gold pieces
 13688 | D:12     | 13688 ||| BUYING scroll of teleportation (45 gold).
 13688 | D:12     | Bought a scroll of teleportation for 45 gold pieces
 13688 | D:12     | 13688 ||| READING 2 scrolls of brand weapon.
 13688 | D:12     | 13688 ||| BRANDING +9 orcbow of flaming.
 13689 | D:12     | 13689 ||| READING scroll of brand weapon.
 13689 | D:12     | 13689 ||| BRANDING +9 orcbow of freezing.
 13953 | D:12     | Found Hob Mio's Antique Armour Shoppe.
 14124 | D:12     | 14124 ||| BUYING ring of protection from fire (300 gold).
 14124 | D:12     | Bought a ring of protection from fire for 300 gold pieces
 14124 | D:12     | 14124 ||| DROPPING ring of fire.
 14289 | D:13     | Received a gift from Okawaru
 14296 | D:13     | Reached skill level 18 in Dodging
 14466 | D:13     | 14466 ||| RETREEEEATING.
 14467 | D:13     | 14467 ||| RETREEEEATING.
 14471 | D:13     | Received a gift from Okawaru
 14959 | D:13     | Identified the +1 leather armour "Noegadeh" {Dex+4}
 15010 | D:13     | 15010 ||| READING 2 scrolls of identify.
 15010 | D:13     | 15010 ||| IDENTIFYING lumpy white potion
 15011 | D:13     | 15011 ||| DROPPING potion of lignification.
 15057 | D:14     | Identified the +5 orcbow of Uqo Lou {drain, rF++ Str-3}
 15462 | D:14     | 15462 ||| RETREEEEATING.
 15463 | D:14     | 15463 ||| RETREEEEATING.
 15465 | D:14     | 15465 ||| ZAPPING wand of acid (25) at 5,-3 (arcanist;
                  | floor).
 15466 | D:14     | 15466 ||| RETREEEEATING.
 15467 | D:14     | 15467 ||| RETREEEEATING.
 15468 | D:14     | 15468 ||| RETREEEEATING.
 15469 | D:14     | 15469 ||| RETREEEEATING.
 15470 | D:14     | 15470 ||| ZAPPING wand of acid (24) at 5,-4 (arcanist;
                  | shallow_water).
 15471 | D:14     | 15471 ||| ZAPPING wand of acid (23) at 4,-3 (arcanist;
                  | shallow_water).
 15473 | D:14     | 15473 ||| ZAPPING wand of acid (22) at 3,-2 (arcanist;
                  | shallow_water).
 15477 | D:14     | 15477 ||| INVOKING Finesse.
 15490 | D:14     | Received a gift from Okawaru
 15832 | D:14     | Found a gate to the Vaults.
 16007 | D:15     | Entered Level 15 of the Dungeon
 16118 | D:15     | Noticed a purple very ugly thing
 16121 | D:15     | 16121 ||| ZAPPING wand of acid (21) at 5,0 (purple very
                  | ugly thing; floor).
 16122 | D:15     | 16122 ||| ZAPPING wand of acid (20) at 4,0 (purple very
                  | ugly thing; floor).
 16123 | D:15     | 16123 ||| ZAPPING wand of acid (19) at 3,0 (purple very
                  | ugly thing; floor).
 16124 | D:15     | 16124 ||| INVOKING Finesse.
 16126 | D:15     | 16126 ||| READING 4 scrolls of teleportation.
 16129 | D:15     | 16129 ||| ZAPPING wand of acid (18) at 5,0 (enormous slime
                  | creature; floor).
 16130 | D:15     | 16130 ||| ZAPPING wand of acid (17) at 4,0 (enormous slime
                  | creature; floor).
 16263 | D:15     | 16263 ||| RETREEEEATING.
 16269 | D:15     | 16269 ||| RETREEEEATING.
 16271 | D:15     | 16271 ||| RETREEEEATING.
 16275 | D:15     | Reached skill level 19 in Dodging
 16279 | D:15     | Reached XP level 15. HP: 80/80 MP: 23/23
 16522 | D:15     | Noticed Agnes
 16523 | D:15     | 16523 ||| INVOKING Finesse.
 16533 | D:15     | Killed Agnes
 16583 | D:15     | Noticed Josephine
 16595 | D:15     | Killed Josephine
 16659 | D:15     | 16659 ||| INVOKING Finesse.
 16675 | D:15     | Received a gift from Okawaru
 16809 | D:15     | Found the +3 giant club "Skullcrusher" {speed, Str+7}
 16879 | D:15     | Reached skill level 20 in Dodging
 16881 | D:15     | 16881 ||| INVOKING Finesse.
 16912 | D:15     | 16912 ||| RETREEEEATING.
 17109 | D:15     | Received a gift from Okawaru
 17240 | D:15     | Found a staircase to the Depths.
 17246 | D:15     | Got a smoky gem with 442 turns to spare
 17270 | D:15     | 17270 ||| PLANNING ORC
 17389 | Orc:1    | Entered Level 1 of the Orcish Mines
 17390 | Orc:1    | 17390 ||| STAIRDANCE
 17395 | Orc:1    | 17395 ||| STAIRDANCE
 17408 | Orc:1    | 17408 ||| STAIRDANCE
 17414 | Orc:1    | 17414 ||| STAIRDANCE
 17757 | Orc:2    | Entered Level 2 of the Orcish Mines
 18165 | Orc:2    | Noticed Sonja
 18185 | Orc:2    | Killed Sonja
 18360 | Orc:2    | Found a staircase to the Elven Halls.
 18431 | Orc:2    | Received a gift from Okawaru
 18446 | Orc:2    | 18446 ||| RETREEEEATING.
 18457 | Orc:2    | 18457 ||| RETREEEEATING.
 18460 | Orc:2    | 18460 ||| RETREEEEATING.
 18461 | Orc:2    | 18461 ||| RETREEEEATING.
 18462 | Orc:2    | 18462 ||| RETREEEEATING.
 18463 | Orc:2    | 18463 ||| RETREEEEATING.
 18464 | Orc:2    | 18464 ||| RETREEEEATING.
 18467 | Orc:2    | 18467 ||| RETREEEEATING.
 18470 | Orc:2    | 18470 ||| RETREEEEATING.
 18487 | Orc:2    | Reached skill level 21 in Dodging
 18632 | Orc:2    | 18632 ||| INVOKING Finesse.
 18666 | Orc:2    | Found Suor's Armour Emporium.
 18666 | Orc:2    | Found Zeshreebo's Antique Weapon Boutique.
 18668 | Orc:2    | Found Rous's Antique Weapon Emporium.
 18668 | Orc:2    | Found Qikk's Book Boutique.
 18674 | Orc:2    | 18674 ||| BUYING +2 hat (176 gold).
 18674 | Orc:2    | Bought a +2 hat for 176 gold pieces
 18867 | Orc:2    | 18867 ||| PLANNING SHOALS:1-3
 18867 | Orc:2    | 18867 ||| UPGRADING to +2 hat.
 19122 | Shoals:1 | Entered Level 1 of the Shoals
 19238 | Shoals:1 | 19238 ||| RETREEEEATING.
 19240 | Shoals:1 | 19240 ||| RETREEEEATING.
 19243 | Shoals:1 | 19243 ||| RETREEEEATING.
 19245 | Shoals:1 | 19245 ||| RETREEEEATING.
 19247 | Shoals:1 | 19247 ||| RETREEEEATING.
 19249 | Shoals:1 | 19249 ||| RETREEEEATING.
 19251 | Shoals:1 | 19251 ||| RETREEEEATING.
 19253 | Shoals:1 | 19253 ||| RETREEEEATING.
 19256 | Shoals:1 | 19256 ||| RETREEEEATING.
 19269 | Shoals:1 | Received a gift from Okawaru
 19488 | Shoals:1 | Reached skill level 22 in Dodging
 19617 | Shoals:1 | 19617 ||| INVOKING Finesse.
 19831 | Shoals:1 | Reached skill level 6 in Armour
 19832 | Shoals:1 | Reached XP level 16. HP: 87/87 MP: 24/24
 20020 | Shoals:1 | Received a gift from Okawaru
 20206 | Shoals:1 | 20206 ||| READING 4 scrolls of identify.
 20206 | Shoals:1 | 20206 ||| IDENTIFYING amethyst potion
 20241 | Shoals:2 | 20241 ||| INVOKING Finesse.
 20242 | Shoals:2 | 20242 ||| STAIRDANCE
 20271 | Shoals:2 | 20271 ||| STAIRDANCE
 20389 | Shoals:2 | Reached skill level 12 in Fighting
 20636 | Shoals:2 | Received a gift from Okawaru
 20643 | Shoals:2 | 20643 ||| READING scroll of brand weapon.
 20643 | Shoals:2 | 20643 ||| BRANDING +9 orcbow of flaming.
 20649 | Shoals:2 | Identified the +0 long sword of Duty {spect, rF+ Str+2}
 20929 | Shoals:2 | 20929 ||| READING 3 scrolls of identify.
 20929 | Shoals:2 | 20929 ||| IDENTIFYING 2 sedimented inky potions
 20941 | Shoals:3 | Identified the serpent talisman of Disappointment {Dex+3}
 20941 | Shoals:3 | Noticed Aizul
 20942 | Shoals:3 | 20942 ||| INVOKING Finesse.
 20953 | Shoals:3 | 20953 ||| STAIRDANCE
 20957 | Shoals:2 | Killed Aizul
 20977 | Shoals:3 | 20977 ||| STAIRDANCE
 21010 | Shoals:3 | Noticed Mara
 21011 | Shoals:3 | 21011 ||| INVOKING Finesse.
 21019 | Shoals:3 | Noticed qw's illusion
 21052 | Shoals:3 | Noticed qw's illusion
 21153 | Shoals:3 | Found Ifaes's Magic Scroll Boutique.
 21168 | Shoals:3 | 21168 ||| BUYING scroll of enchant weapon (120 gold).
 21168 | Shoals:3 | Bought a scroll of enchant weapon for 120 gold pieces
 21168 | Shoals:3 | 21168 ||| BUYING scroll of teleportation (48 gold).
 21168 | Shoals:3 | Bought a scroll of teleportation for 48 gold pieces
 21170 | Shoals:3 | Noticed Donald
 21174 | Shoals:3 | 21174 ||| INVOKING Finesse.
 21193 | Shoals:3 | Killed Donald
 21210 | Shoals:3 | 21210 ||| FLEEEEING.
 21227 | Shoals:3 | 21227 ||| STAIRDANCE
 21414 | Shoals:3 | 21414 ||| INVOKING Finesse.
 21441 | Shoals:3 | 21441 ||| STAIRDANCE
 21527 | Shoals:3 | Noticed Mlioglotl
 21528 | Shoals:3 | 21528 ||| INVOKING Finesse.
 21547 | Shoals:3 | Killed Mlioglotl
 21572 | Shoals:3 | Received a gift from Okawaru
 21573 | Shoals:3 | Reached skill level 23 in Dodging
 21598 | Shoals:3 | 21598 ||| RETREEEEATING.
 21612 | Shoals:3 | 21612 ||| INVOKING Finesse.
 21641 | Shoals:3 | Killed Mara
 21662 | Shoals:3 | Identified the scarf of Okawaru's Delight {repulsion, rC+
                  | Will- Regen+ Slay+3 SInv}
 21756 | Shoals:3 | Noticed Ilsuiw
 21779 | Shoals:3 | Killed Ilsuiw
 21793 | Shoals:3 | Received a gift from Okawaru
 21895 | Shoals:3 | Found Difi's Overcharged Wands.
 21904 | Shoals:3 | 21904 ||| BUYING wand of acid (18) (1134 gold).
 21904 | Shoals:3 | Bought a wand of acid (18) for 1134 gold pieces
 21904 | Shoals:3 | 21904 ||| SHOPLISTING wand of acid (18) (1134 gold, have
                  | 45).
 21904 | Shoals:3 | 21904 ||| SHOPLISTING wand of iceblast (18) (648 gold, have
                  | 45).
 21904 | Shoals:3 | 21904 ||| SHOPLISTING wand of mindburst (30) (630 gold,
                  | have 45).
 21904 | Shoals:3 | 21904 ||| SHOPLISTING wand of polymorph (18) (378 gold,
                  | have 45).
 21990 | Shoals:3 | Reached skill level 24 in Dodging
 22437 | Shoals:3 | 22437 ||| PLANNING SNAKE:1-3
 22437 | Shoals:3 | 22437 ||| UPGRADING to scarf of Okawaru's Delight
                  | {repulsion, rC+ Will- Regen+ Slay+3 SInv}.
 22447 | Shoals:3 | 22447 ||| DROPPING +2 cloak of Inaction {Dex+2}.
 22598 | Snake:1  | Entered Level 1 of the Snake Pit
 22662 | Snake:1  | 22662 ||| INVOKING Finesse.
 22779 | Snake:1  | 22779 ||| RETREEEEATING.
 22804 | Snake:1  | Received a gift from Okawaru
 22820 | Snake:1  | 22820 ||| INVOKING Finesse.
 23340 | Snake:1  | Found Guvotsol's Weapon Emporium.
 23796 | Snake:2  | Reached XP level 17. HP: 95/95 MP: 25/25
 24026 | Snake:2  | 24026 ||| INVOKING Finesse.
 24450 | Snake:2  | 24450 ||| INVOKING Finesse.
 24720 | Snake:2  | 24720 ||| INVOKING Finesse.
 24842 | Snake:3  | Received a gift from Okawaru
 24888 | Snake:3  | 24888 ||| INVOKING Finesse.
 24969 | Snake:3  | Noticed Vashnia
 24970 | Snake:3  | 24970 ||| INVOKING Finesse.
 24988 | Snake:3  | Killed Vashnia
 24989 | Snake:3  | Reached skill level 25 in Dodging
 25018 | Snake:3  | 25018 ||| RETREEEEATING.
 25019 | Snake:3  | 25019 ||| RETREEEEATING.
 25065 | Snake:3  | Noticed Saint Roka
 25066 | Snake:3  | 25066 ||| INVOKING Finesse.
 25171 | Snake:3  | Received a gift from Okawaru
 25546 | Snake:3  | 25546 ||| RETREEEEATING.
 25548 | Snake:3  | 25548 ||| RETREEEEATING.
 25593 | Snake:3  | Received a gift from Okawaru
 25605 | Snake:3  | HP: 23/97 [something (11)]
 25606 | Snake:3  | 25606 ||| READING 5 scrolls of teleportation.
 25607 | Snake:3  | 25607 ||| DRINKING 4 potions of heal wounds.
 25608 | Snake:3  | 25608 ||| DRINKING 3 potions of heal wounds.
 25645 | Snake:3  | 25645 ||| INVOKING Finesse.
 25665 | Snake:3  | Killed Saint Roka
 25775 | Snake:3  | 25775 ||| INVOKING Finesse.
 26083 | Snake:3  | 26083 ||| Standing still (stuck).
 26088 | Snake:3  | 26088 ||| Stepping randomly (stuck).
 26123 | Snake:3  | 26123 ||| INVOKING Finesse.
 26129 | Snake:3  | 26129 ||| FLEEEEING.
 26130 | Snake:3  | 26130 ||| FLEEEEING.
 26186 | Snake:3  | 26186 ||| RETREEEEATING.
 26557 | Snake:3  | 26557 ||| PLANNING SHOALS:4
 26744 | Shoals:4 | Entered Level 4 of the Shoals
 26787 | Shoals:4 | Received a gift from Okawaru
 26857 | Shoals:4 | 26857 ||| RETREEEEATING.
 26858 | Shoals:4 | 26858 ||| INVOKING Finesse.
 26917 | Shoals:4 | Reached skill level 26 in Dodging
 26986 | Shoals:4 | Identified the +4 falchion "Petiegir" {freeze, Dex+3}
 27101 | Shoals:4 | Found a glowing golden altar of the Shining One.
 27102 | Shoals:4 | 27102 ||| RETREEEEATING.
 27103 | Shoals:4 | 27103 ||| INVOKING Finesse.
 27123 | Shoals:4 | Reached XP level 18. HP: 53/102 MP: 21/26
 27152 | Shoals:4 | Received a gift from Okawaru
 27362 | Shoals:4 | Found a white marble altar of Elyvilon.
 27362 | Shoals:4 | Noticed Polyphemus
 27363 | Shoals:4 | 27363 ||| RETREEEEATING.
 27364 | Shoals:4 | 27364 ||| INVOKING Finesse.
 27365 | Shoals:4 | 27365 ||| INVOKING Heroism.
 27400 | Shoals:4 | Killed Polyphemus
 27401 | Shoals:4 | Reached skill level 15 in Fighting
 27526 | Shoals:4 | Got a barnacled rune of Zot
 27615 | Shoals:4 | 27615 ||| PLANNING VAULTS:1-4
 27615 | Shoals:4 | 27615 ||| DROPPING wand of mindburst (23).
 27895 | Vaults:1 | Entered Level 1 of the Vaults
 27895 | Vaults:1 | Found Angisk's Antique Armour Shoppe.
 27896 | Vaults:1 | 27896 ||| PLANNING WIZLAB
 27913 | Vaults:1 | Received a gift from Okawaru
 27956 | Vaults:1 | Found a magical portal.
 27983 | WizLab   | Entered The Hall of the Hellbinder
 28042 | WizLab   | 28042 ||| READING scroll of enchant armour.
 28042 | WizLab   | 28042 ||| ENCHANTING +1 swamp dragon scales.
 28050 | WizLab   | 28050 ||| RETREEEEATING.
 28143 | WizLab   | Noticed a dread lich
 28144 | WizLab   | 28144 ||| INVOKING Finesse.
 28146 | WizLab   | Noticed a Hell Sentinel
 28169 | WizLab   | 28169 ||| RETREEEEATING.
 28178 | WizLab   | Paralysed by a dread lich for 2 turns
 28184 | WizLab   | 28184 ||| RETREEEEATING.
 28187 | WizLab   | Gained mutation: Your spells are a little easier to cast,
                  | but a little less powerful. [a cacodemon]
 28188 | WizLab   | 28188 ||| RETREEEEATING.
 28197 | WizLab   | HP: 16/102 [???[a dread lich] (39)]
 28198 | WizLab   | 28198 ||| READING 4 scrolls of teleportation.
 28199 | WizLab   | 28199 ||| DRINKING 2 potions of heal wounds.
 28199 | WizLab   | Gained mutation: You are weak. (Str -2) [a cacodemon]
 28200 | WizLab   | HP: 6/102 [???[a dread lich] (10)]
 28201 | WizLab   | 28201 ||| DRINKING potion of heal wounds.
 28201 | WizLab   | Found a burning altar of Makhleb.
 28201 | WizLab   | Noticed Diatok
 28202 | WizLab   | 28202 ||| RETREEEEATING.
 28203 | WizLab   | 28203 ||| READING 3 scrolls of teleportation.
 28204 | WizLab   | 28204 ||| RETREEEEATING.
 28205 | WizLab   | 28205 ||| RETREEEEATING.
 28206 | WizLab   | 28206 ||| ZAPPING wand of acid (34) at 5,2 (hellion;
                  | floor).
 28207 | WizLab   | 28207 ||| ZAPPING wand of acid (33) at 3,2 (hellion;
                  | floor).
 28208 | WizLab   | 28208 ||| READING 2 scrolls of teleportation.
 28208 | WizLab   | Killed from afar by a hellion

Levels and vault maps discovered:
D:1:      minmay_arrival_cross, layout_rooms,
          shapermc_ecumenical_altar_flowoftime
D:2:      layout_loops_cross, minmay_box_of_dots
D:3:      layout_basic
D:4:      layout_rooms, uniq_ijyb, uniq_pikel
D:5:      layout_rooms, grunt_qazlal_clouds, nicolae_overflow_hidden_temple,
          corexii_checkpoint, kennysheep_opposing_triangles
D:6:      layout_loops_corners, temple_green
D:7:      layout_basic, minmay_crossroads, uniq_jeremiah
D:8:      layout_basic, mainiacjoe_overflow_cross_hatched, enter_bailey_5,
          minmay_shattered_shrine, uniq_maggie, uniq_joseph
D:9:      layout_roguey, old_standard_altar, david_orc_3, minivault_12
D:10:     layout_grid_maze, biasface_ghost_orc_armoury, uniq_urug
D:11:     layout_loops_ring, lair_entry_dummy,
          portal_ice_cave_entry_ice_simulacra, grunt_livestock,
          nicolae_uskayaw_en_pointe, uniq_grum, uniq_psyche
D:12:     layout_rooms, serial_shops, nicolae_lakefront_shop, shop,
          nicolae_inconvenience_store, nicolae_diamond_shop
D:13:     layout_basic, minivault_14
D:14:     layout_loops_cross, grunt_vaults_entry_fortified, serial_rivers,
          chequers_serial_rivers_small_a, chequers_serial_rivers_micro_d,
          chequers_serial_rivers_marsh, chequers_serial_rivers_small_a,
          chequers_serial_rivers_micro_b
D:15:     gammafunk_enter_depths_forms, layout_loops_ring,
          hangedman_abyss_or_decor_passed, minmay_guarded_unrand_skullcrusher,
          uniq_josephine, uniq_agnes
Temple:   hellmonk_temple_two_chambers
Lair:1:   layout_concentric_octagons, dreamdust_wasp_nest
Lair:2:   layout_chaotic_city, guppyfry_snake_entry_garden, uniq_fannar
Lair:3:   layout_regular_city, elwin_shoals_entry_rooms, worms_lemuel,
          infiniplex_staircase_pool_2
Lair:4:   layout_cellular_growth, nicolae_slime_entry_field_trip,
          chequers_serial_rivers_large_b, nicolae_lair_grove_arrangements
Lair:5:   minmay_lair_end_frog_pond, layout_misc_corridors, serial_bayou_pond_e,
          lemuel_fruit_fields
Shoals:1: layout_shoals, st_sunken_huts
Shoals:2: layout_shoals
Shoals:3: layout_shoals, serial_shops, nicolae_shop_hallway_stairs,
          nicolae_shop_overcharged_wands, uniq_mara, uniq_aizul, uniq_ilsuiw,
          uniq_donald, uniq_mlioglotl
Shoals:4: shoals_end_hellmonk_holy_island, uniq_polyphemus
Snake:1:  nicolae_snakescales, layout_layer_cave, special_room, serial_shops,
          shop, serial_bayou_shore_a
Snake:2:  layout_layer_cave, nicolae_triple_integral
Snake:3:  layout_layer_cave, nicolae_snake_scaly_snakehead, uniq_vashnia,
          uniq_saint_roka
Orc:1:    layout_diamond_mine
Orc:2:    grunt_orc_tribal_feast, layout_caves, nicolae_orc_stalacmites,
          uniq_sonja
Vaults:1: infiniplex_enter_wizlab_glasses, nicolae_vaults_shrinking_rooms_2,
          hangedman_vaults_restitches, nicolae_vaults_cochlea,
          hangedman_vaults_snaps, nicolae_vaults_sesquioval_fish,
          grunt_vaults_trifunnel, hangedman_vaults_slither, vaults_dpeg_spiral,
          nicolae_vaults_tetromino_L_2, nicolae_vaults_tetromino_T_2,
          nicolae_vaults_tetromino_Z_2, ontoclasm_vaults_shuriken,
          nicolae_vaults_library_corner, ontoclasm_vaults_decontamination,
          layout_vaults_omnibox, serial_shops, shop
WizLab:   wizlab_demon

Skill      XL: |  1  2  3  4  5  6  7  8  9 10 11 12 13 14 15 16 17 18 |
---------------+-------------------------------------------------------+-----
Dodging        | 3 4 5 6 8 11 12 15 19 22 24 26 | 26.6
Ranged Weapons | 5 6 9 10 11 13 16 | 16.0
Fighting       | 5 6 9 10 11 13 14 15 | 15.2
Invocations    | 4 5 9 10 | 10.0
Armour         | 2 3 4 5 6 7 |  7.0
Stealth        | |  1.5

Action                     |  1- 3 |  4- 6 |  7- 9 | 10-12 | 13-15 | 16-18 || total
---------------------------+-------+-------+-------+-------+-------+-------++-------
   Fire: Shortbow          |   103 |     5 |       |       |       |       ||   108
         Orcbow            |       |    58 |   234 |   584 |  1489 |  1728 ||  4093
 Invoke: Heroism           |       |       |     3 |     3 |     1 |     1 ||     8
         Finesse           |       |       |       |     8 |    10 |    22 ||    40
         Receive Weapon    |       |       |       |       |     1 |       ||     1
         Receive Armour    |       |       |       |       |     1 |       ||     1
  Evoke: Wand              |       |       |       |       |     9 |     2 ||    11
    Use: Potion            |     2 |     1 |     1 |     4 |     5 |     4 ||    17
         Scroll            |     1 |     7 |     8 |     7 |     8 |     8 ||    39
 Armour: Robe              |     4 |     8 |    22 |     2 |       |       ||    36
         Swamp dragon scal |       |       |       |    51 |   123 |   144 ||   318
  Dodge: Dodged            |    18 |    24 |    63 |   158 |   609 |   967 ||  1839
         Repelled          |       |       |       |       |       |     7 ||     7
  Block: Other             |       |       |     3 |    34 |       |       ||    37
         Reflection        |       |       |       |     2 |       |       ||     2

Table legend:
 A = Non-vault XP
 B = Vault XP
 C = Vault XP percentage of total XP
 D = Non-vault monster count
 E = Vault monster count
 F = Vault count percentage of total count
                 A         B        C        D         E       F
            +---------+---------+-------+---------+---------+-------
      Total |  183948 |  143416 |  43.8 |     680 |     315 |  31.7
            +---------+---------+-------+---------+---------+-------
        D:1 |      44 |       0 |   0.0 |      24 |       0 |   0.0
        D:2 |      50 |       6 |  10.7 |      18 |       5 |  21.7
        D:3 |      40 |       0 |   0.0 |      15 |       0 |   0.0
        D:4 |     259 |     606 |  70.1 |      21 |       2 |   8.7
        D:5 |     788 |     372 |  32.1 |      33 |       5 |  13.2
        D:6 |     546 |       0 |   0.0 |      11 |       0 |   0.0
        D:7 |     822 |     519 |  38.7 |      20 |       3 |  13.0
        D:8 |    2561 |    2562 |  50.0 |      20 |      15 |  42.9
        D:9 |    2778 |     163 |   5.5 |      23 |       7 |  23.3
       D:10 |    1211 |     788 |  39.4 |      14 |       1 |   6.7
       D:11 |    3265 |    2048 |  38.5 |      11 |      14 |  56.0
       D:12 |    4529 |       0 |   0.0 |      23 |       0 |   0.0
       D:13 |    7886 |       0 |   0.0 |      25 |       0 |   0.0
       D:14 |    1546 |    8054 |  83.9 |       3 |      13 |  81.2
       D:15 |   12816 |   10481 |  45.0 |      29 |      26 |  47.3
     Lair:1 |    5628 |     557 |   9.0 |      28 |       2 |   6.7
     Lair:2 |    6477 |    1841 |  22.1 |      21 |       5 |  19.2
     Lair:3 |    7075 |    1202 |  14.5 |      29 |       5 |  14.7
     Lair:4 |    6813 |    1928 |  22.1 |      25 |      16 |  39.0
     Lair:5 |   16740 |    8935 |  34.8 |      45 |      28 |  38.4
   Shoals:1 |   20976 |    5523 |  20.8 |      48 |       9 |  15.8
   Shoals:2 |   12125 |    1393 |  10.3 |      22 |       1 |   4.3
   Shoals:3 |   15469 |   11424 |  42.5 |      35 |       9 |  20.5
   Shoals:4 |   10149 |   34352 |  77.2 |      19 |      47 |  71.2
    Snake:1 |    3956 |    7258 |  64.7 |       9 |      11 |  55.0
    Snake:2 |   13422 |       0 |   0.0 |      29 |       0 |   0.0
    Snake:3 |   17854 |   26427 |  59.7 |      36 |      47 |  56.6
      Orc:1 |    2898 |       0 |   0.0 |      23 |       0 |   0.0
      Orc:2 |    3052 |    8419 |  73.4 |      19 |      31 |  62.0
   Vaults:1 |    2173 |       0 |   0.0 |       2 |       0 |   0.0
     WizLab |       0 |    8558 | 100.0 |       0 |      13 | 100.0
            +---------+---------+-------+---------+---------+-------
